 Dungeon Sprint DCSS version 0.23.2-33-g5129a83184 (webtiles) character file.

Game seed: 14253932036217415622

6303 Morrissey the Impaler (level 10, -6/107 HPs)
             Began as a Minotaur Fighter on July 18, 2019.
             Was the Champion of Makhleb.
             Mangled by a catoblepas (18 damage)
             ... in the Dungeon (Sprint IX: "|||||||||||||||||||||||||||||").
             The game lasted 00:05:01 (1836 turns).

Morrissey the Impaler (Minotaur Fighter)            Turns: 1836, Time: 00:05:02

Health: -6/107     AC: 14    Str: 24    XL:     10   Next: 63%
Magic:  15/15      EV:  7    Int:  5    God:    Makhleb [******]
Gold:   0          SH:  0    Dex: 13    Spells: 9/9 levels left

rFire    . . .     SeeInvis .   a - +2 halberd (chop)
rCold    . . .     Gourm    .   (shield currently unavailable)
rNeg     . . .     Faith    .   t - +1 chain mail
rPois    .         Spirit   .   (helmet restricted)
rElec    .         Reflect  .   (no cloak)
rCorr    .         Harm     .   (no gloves)
MR       .....     NoTele   +   (no boots)
Stlth    ..........             u - amulet of the acrobat
HPRegen  0.27/turn              r - +2 ring of evasion
MPRegen  0.14/turn              s - +3 ring of dexterity

@: petrifying (expiring), very slightly contaminated, very slow
A: retaliatory headbutt, horns 2
a: Minor Destruction, Lesser Servant of Makhleb, Major Destruction, Greater
Servant of Makhleb, Renounce Religion


You were in the Dungeon.
You worshipped Makhleb.
Makhleb was exalted by your worship.
You were not hungry.

You visited 1 branch

Inventory:

Hand Weapons
 a - a +2 halberd of chopping (weapon)
 b - a +0 trident
Armour
 t - a +1 chain mail (worn)
Jewellery
 r - a +2 ring of evasion (left hand)
 s - a +3 ring of dexterity (right hand)
 u - an amulet of the acrobat (around neck)
Wands
 p - a wand of acid (10)
Scrolls
 c - 3 scrolls of fog
 l - a scroll of identify
 n - 3 scrolls of remove curse
 o - 2 scrolls of amnesia
Potions
 e - 6 potions of curing
 g - 7 potions of heal wounds
 h - a potion of haste
 i - 4 potions of magic
Comestibles
 d - 10 chunks of flesh
 f - a ration


   Skills:
 + Level 15.7 Fighting
 - Level 16.1 Polearms
 + Level 15.6 Armour
   Level 6.4 Shields
 + Level 9.2 Invocations


You had 9 spell levels left.
You didn't know any spells.
Your spell library was empty.

Dungeon Overview and Level Annotations

Branches:
Dungeon (1/1)

Altars:
Cheibriados
Dithmenos
Elyvilon
Fedhas
Gozag
Hepliaklqana
Kikubaaqudgha
Makhleb
Nemelex Xobeh
Okawaru
Qazlal
Ru
Sif Muna
Trog
Uskayaw
Vehumet
Wu Jian
Xom
Yredelemnul
Zin
The Shining One
Beogh
Jiyva
Lugonu


Innate Abilities, Weirdness & Mutations

You reflexively headbutt those who attack you in melee.
You have a pair of horns on your head.


Message History

* * * LOW HITPOINT WARNING * * *
You turn to flesh and can move again.
Unknown command.
Unknown command.
Unknown command.
Unknown command.
You hit the catoblepas.
The catoblepas is lightly wounded.
You are engulfed in calcifying dust.
You are slowing down.
The catoblepas gores you!
* * * LOW HITPOINT WARNING * * *
Unknown command.
Unknown command.
Unknown command.
You hit the catoblepas but do no damage.
The catoblepas is lightly wounded.
You are engulfed in calcifying dust.
Your limbs have turned to stone.
The catoblepas gores you!!
You die...

▓▓▓▓▓▓▓▓▓▓▓▓▓▓▓▓▓▓▓▓▓▓▓▓▓▓▓▓▓▓▓▓▓
________________________'.....)..
▓▓▓▓▓▓▓▓▓▓▓▓▓▓▓▓▓▓▓▓▓▓▓▓▓▓▓▓▓▓▓▓▓
.................................
▓▓▓▓▓▓▓▓▓▓▓▓▓▓▓▓▓▓▓▓▓▓▓▓▓▓▓▓▓▓▓▓▓
Y.YYYYYY.YYYYYYY@§§'......(....!.
▓▓▓▓▓▓▓▓▓▓▓▓▓▓▓▓▓▓▓▓▓▓▓▓▓▓▓▓▓▓▓▓▓


You could see 3 death yaks, a catoblepas and 3 yaks.

Vanquished Creatures
  2 hydras (D)
  A two-headed ogre (D)
  An unseen horror (D)
  A black mamba (D)
  A gargoyle (D)
  2 spiny frogs (D)
  A rime drake (D)
  2 komodo dragons (D)
  A blink frog (D)
  A hippogriff (D)
  2 yaks (D)
  4 water moccasins (D)
  2 porcupines (D)
  A phantom (D)
  3 sky beasts (D)
  2 crocodiles (D)
  A bullfrog (D)
  A killer bee (D)
  A hound (D)
  An adder (D)
  A shadow imp (D)
  An adder zombie (D)
  2 dart slugs (D)
  An orc (D)
  A hobgoblin (D)
  A kobold (D)
  A jackal zombie (D)
  A rat (D)
40 creatures vanquished.

Notes
Turn   | Place    | Note
-------+----------+-------------------------------------------
     0 | D        | Morrissey the Minotaur Fighter began the quest for the Orb.
     0 | D        | Reached XP level 1. HP: 19/19 MP: 0/0
     5 | D        | Reached skill level 3 in Polearms
    12 | D        | Reached XP level 2. HP: 27/27 MP: 1/1
    44 | D        | Noticed a sky beast
    48 | D        | Reached skill level 4 in Polearms
    56 | D        | Reached skill level 5 in Fighting
    56 | D        | Reached skill level 5 in Polearms
    56 | D        | Reached skill level 5 in Armour
    56 | D        | Reached skill level 5 in Shields
    56 | D        | Reached XP level 3. HP: 36/36 MP: 2/2
    68 | D        | Killed a sky beast
    68 | D        | Reached skill level 7 in Polearms
    68 | D        | Reached XP level 4. HP: 34/44 MP: 3/3
   135 | D        | Found a roughly hewn altar of Beogh.
   135 | D        | Found a snail-covered altar of Cheibriados.
   135 | D        | Found a shadowy altar of Dithmenos.
   135 | D        | Found a white marble altar of Elyvilon.
   135 | D        | Found a blossoming altar of Fedhas.
   135 | D        | Found an opulent altar of Gozag.
   136 | D        | Found a hazy altar of Hepliaklqana.
   137 | D        | Found a viscous altar of Jiyva.
   138 | D        | Found an ancient bone altar of Kikubaaqudgha.
   139 | D        | Found a corrupted altar of Lugonu.
   140 | D        | Found a burning altar of Makhleb.
   141 | D        | Found a sparkling altar of Nemelex Xobeh.
   142 | D        | Found an iron altar of Okawaru.
   143 | D        | Found a stormy altar of Qazlal.
   144 | D        | Found a sacrificial altar of Ru.
   145 | D        | Found a deep blue altar of Sif Muna.
   146 | D        | Found a bloodstained altar of Trog.
   147 | D        | Found a hide-covered altar of Uskayaw.
   148 | D        | Found a radiant altar of Vehumet.
   149 | D        | Found an ornate altar of the Wu Jian Council.
   152 | D        | Became a worshipper of Makhleb the Destroyer
   155 | D        | Found a shimmering altar of Xom.
   156 | D        | Found a basalt altar of Yredelemnul.
   157 | D        | Found a glowing silver altar of Zin.
   158 | D        | Found a glowing golden altar of the Shining One.
   209 | D        | Noticed a water moccasin
   209 | D        | Noticed a gargoyle
   209 | D        | Noticed a sky beast
   209 | D        | Noticed a bullfrog
   213 | D        | Killed a bullfrog
   213 | D        | Reached skill level 9 in Polearms
   213 | D        | Reached XP level 5. HP: 51/52 MP: 4/4
   225 | D        | Killed a sky beast
   225 | D        | Reached * piety under Makhleb
   229 | D        | Killed a gargoyle
   229 | D        | Reached skill level 12 in Polearms
   229 | D        | Reached XP level 6. HP: 30/64 MP: 5/5
   229 | D        | Reached XP level 7. HP: 33/70 MP: 6/6
   232 | D        | Killed an unseen horror
   232 | D        | Reached skill level 10 in Fighting
   232 | D        | Reached skill level 14 in Polearms
   232 | D        | Reached skill level 10 in Armour
   232 | D        | Reached XP level 8. HP: 35/81 MP: 7/7
   239 | D        | Reached ** piety under Makhleb
   471 | D        | Noticed a hippogriff
   471 | D        | Noticed a two-headed ogre
   483 | D        | Killed a two-headed ogre
   483 | D        | Reached skill level 15 in Polearms
   490 | D        | Reached *** piety under Makhleb
   490 | D        | Reached XP level 9. HP: 38/90 MP: 8/8
   493 | D        | Reached skill level 16 in Polearms
   844 | D        | Noticed a spiny frog
   844 | D        | Noticed a black mamba
   844 | D        | Noticed a komodo dragon
   847 | D        | Killed a komodo dragon
   847 | D        | Noticed an eight-headed hydra
   853 | D        | Killed a black mamba
   853 | D        | Reached **** piety under Makhleb
   860 | D        | Killed a spiny frog
   863 | D        | Reached skill level 5 in Invocations
  1361 | D        | Reached ***** piety under Makhleb
  1391 | D        | Killed a nine-headed hydra
  1391 | D        | Reached XP level 10. HP: 46/104 MP: 12/14
  1707 | D        | Noticed a seven-headed hydra
  1717 | D        | Noticed a spiny frog
  1723 | D        | Killed a seven-headed hydra
  1723 | D        | Reached skill level 15 in Fighting
  1723 | D        | Reached skill level 15 in Armour
  1729 | D        | Reached ****** piety under Makhleb
  1733 | D        | Killed a spiny frog
  1783 | D        | Noticed a death yak
  1783 | D        | Noticed a death yak
  1783 | D        | Noticed a catoblepas
  1790 | D        | Noticed a death yak
  1836 | D        | Mangled by a catoblepas

Skill      XL: |  1  2  3  4  5  6  7  8  9 10 |
---------------+-------------------------------+-----
Polearms       | 3 5 7 9 12 14 15 16 | 16.1
Fighting       | 4 5 6 7 9 10 12 14 15 | 15.7
Armour         | 4 5 6 7 9 10 12 14 15 | 15.6
Shields        | 4 5 6 |  6.4
Invocations    | 6 9 |  9.2

Action                   |  1- 3 |  4- 6 |  7- 9 | 10-12 || total
-------------------------+-------+-------+-------+-------++-------
Melee: Trident           |    36 |     3 |     5 |     8 ||    52
       Headbutt          |     8 |     3 |    15 |    10 ||    36
       Halberd           |       |    20 |    57 |    25 ||   102
  Use: Potion            |       |       |     3 |     1 ||     4
       Scroll            |       |       |       |     4 ||     4
 Stab: Invisible         |       |       |     1 |       ||     1
  Eat: Ration            |       |       |     1 |       ||     1
Armor: Scale mail        |    14 |       |       |       ||    14
       Chain mail        |       |    12 |    21 |    20 ||    53
Dodge: Dodged            |     3 |     9 |    31 |    23 ||    66
Block: Shield            |    14 |     2 |       |       ||    16
